 Dungeon Crawl Stone Soup version 0.30-a0-568-g124715a40b (webtiles) character file.

Game seed: 7381527602834016636

15092 jfcaron the Cleaver (level 11, -4/71 (87) HPs)
             Began as a Demonspawn Monk on Dec 29, 2022.
             Was a Believer of Qazlal.
             Slain by a fire elemental (6 damage)
             ... summoned by a deep elf pyromancer
             ... on level 11 of the Dungeon.
             The game lasted 00:29:39 (12684 turns).

jfcaron the Cleaver (Demonspawn Monk)              Turns: 12684, Time: 00:29:39

HP:   -4/71 (87)    AC: 23    Str: 16    XL:     11   Next: 97%
MP:   6/11          EV:  8    Int:  8    God:    Qazlal [**....]
Gold: 434           SH: 14    Dex: 16    Spells: 10/10 levels left

rFire   . . .      SeeInvis .    a - +0 hand axe (heavy)
rCold   . . .      Faith    .    i - +0 buckler
rNeg    . . .      Spirit   .    r - +0 chain mail
rPois   +          Reflect  +    u - +1 helmet
rElec   .          Harm     .    J - +2 cloak
rCorr   .          Rampage  .    T - +0 pair of gloves
Will    .....                    (no boots) Stlth
                                 f - amulet of Zixuly {Reflect +Blink +Inv Int-3 SH+5 Stlth+}
HPRegen 0.31/turn                n - ring of poison resistance
MPRegen 0.12/turn                D - +4 ring of protection

@: heavily drained
A: hooves 1, demonic guardian 1, powered by death 1, sharp scales 1
a: Renounce Religion, Evoke Blink, Evoke Invisibility, Upheaval


You were on level 11 of the Dungeon.
You worshipped Qazlal.
Qazlal was pleased with you.
You visited 2 branches of the dungeon, and saw 12 of its levels.
You also visited: Sewer.

You collected 434 gold pieces.

Inventory:

Hand Weapons
 a - a +0 heavy hand axe (weapon)
 b - a +0 whip of electrocution
   (You found it on level 3 of the Dungeon)
 M - a +2 sling of electrocution
   (You took it off Joseph on level 7 of the Dungeon)
 R - a +0 war axe
 W - a +0 broad axe
Missiles
 w - 8 poisoned darts (quivered)
 U - 5 datura-tipped darts {!f}
Armour
 c - a +2 tower shield
 i - a +0 buckler (worn)
 l - a +2 ring mail of poison resistance
   (You took it off an orc on level 8 of the Dungeon)
 r - a +0 chain mail (worn)
 u - a +1 helmet (worn)
 C - a +0 kite shield
 J - a +2 cloak (worn)
 P - a +0 plate armour
 Q - the +3 robe "Osomemp" {+Blink rPois rF+++ rC-}
   (You found it on level 8 of the Dungeon)

   rF:        It renders you almost immune to fire.
   rC:        It makes you vulnerable to cold.
   rPois:     It protects you from poison.
   +Blink:    It lets you blink.
 T - a +0 pair of gloves (worn)
Jewellery
 f - the amulet of Zixuly (around neck) {Reflect +Blink +Inv Int-3 SH+5 Stlth+}
   (You acquired it on level 5 of the Dungeon)

   [amulet of reflection]

   It reflects blocked missile attacks.
   Int:       It affects your intelligence (-3).
   +Inv:      It lets you turn invisible.
   +Blink:    It lets you blink.
   SH:        It affects your SH (+5).
   Stlth:     It makes you more stealthy.
 n - a ring of poison resistance (left hand)
 v - a +5 ring of evasion
   (You found it on level 4 of the Dungeon)
 x - a ring of ice
   (You found it on level 6 of the Dungeon)
 D - a +4 ring of protection (right hand)
   (You found it on level 6 of the Dungeon)
 I - a ring of willpower
   (You found it on level 6 of the Dungeon)
Wands
 q - a wand of quicksilver (23)
   (You found it on level 7 of the Dungeon)
 L - a wand of mindburst (5)
 N - a wand of paralysis (34)
   (You found it on level 7 of the Dungeon)
 O - a wand of iceblast (17)
   (You found it on level 7 of the Dungeon)
 V - a wand of polymorph (10)
 Y - a wand of flame (5)
Scrolls
 e - 6 scrolls of fear
 o - 2 scrolls of immolation
 s - a scroll of summoning {unknown}
 y - 4 scrolls of teleportation
 F - a scroll of magic mapping
 H - 3 scrolls of poison {unknown}
 S - a scroll of enchant armour
 X - 2 scrolls of blinking {unknown}
Potions
 d - 5 potions of curing
 g - 2 potions of cancellation
 h - a potion of attraction
 j - a potion of magic
 k - 2 potions of mutation
 m - a potion of brilliance {unknown}
 p - 2 potions of heal wounds
 t - a potion of berserk rage
 z - 2 potions of flight {unknown}
 E - 3 potions of might
 K - 2 potions of haste
 Z - 2 potions of resistance {unknown}


   Skills:
 + Level 8.9 Fighting
 * Level 11.2 Axes
 - Level 10.0 Armour
 - Level 3.0 Dodging
 - Level 2.0 Stealth
 - Level 5.0 Shields
 - Level 5.0 Evocations


You had 10 spell levels left.
You didn't know any spells.
Your spell library contained the following spells:

 Spells                   Type           Power      Damage    Failure   Level
 Freeze                   Ice            0%         1d3       99%         1
 Ensorcelled Hibernation  Hex/Ice        0%         N/A       100%        2
 Passwall                 Tmut/Erth      0%         N/A       100%        2
 Dazzling Flash           Conj/Hex       0%         N/A       100%        3
 Frozen Ramparts          Ice            0%         1d1       100%        3
 Gell's Gravitas          Tloc           0%         N/A       100%        3
 Hailstorm                Conj/Ice       0%         3d3       100%        3
 Inner Flame              Hex/Fire       0%         N/A       100%        3
 Swiftness                Air            0%         N/A       100%        3
 Teleport Other           Tloc           0%         N/A       100%        3
 Cause Fear               Hex            0%         N/A       100%        4
 Agony                    Necr           0%         N/A       100%        5
 Silence                  Hex/Air        0%         N/A       100%        5
 Dispersal                Tloc           0%         N/A       100%        6
 Discord                  Hex            0%         N/A       100%        8


Dungeon Overview and Level Annotations

Branches:
Dungeon (11/15)            Temple (1/1) D:7            Lair (0/5) D:11
    Orc (0/2) D:11          Sewer (visited)

Altars:
Ashenzari
Cheibriados
Dithmenos
Fedhas
Gozag
Hepliaklqana
Kikubaaqudgha
Makhleb
Nemelex Xobeh
Okawaru
Qazlal
Ru
Sif Muna
Trog
Uskayaw
Vehumet
Wu Jian
Xom
Yredelemnul

Annotations:
D:2 Jessica
D:3 1 runed translucent door, Crazy Yiuf
D:7 2 transporters, Shayle's ghost, novice DsRe


Innate Abilities, Weirdness & Mutations

You have large cloven feet.
A weak demonic guardian rushes to your aid.
You regenerate a little health from kills.
You are partially covered in razor-sharp scales. (AC +1, Slay +1)


Message History

The bolt of lightning hits you!
The bolt of lightning hits the fire elemental!
The fire elemental resists.
Aiming: Upheaval
Press: ? - help, Dir - move target, f/p - deep elf pyromancer
Aim: a deep elf pyromancer, wielding a +0 dagger A storm cloud blasts the area with cutting wind!
The cutting wind hits the deep elf pyromancer!
The deep elf pyromancer is moderately wounded.
You block the fire elemental's attack.
The fire elemental sizzles in the rain.
You block the fire elemental's attack.
The deep elf pyromancer hits you with a +0 long sword.
The fire elemental hits you. The fire elemental burns you!
* * * LOW HITPOINT WARNING * * *
You block the fire elemental's attack.
The fire elemental is struck by lightning.
The fire elemental sizzles in the rain.
The fire elemental hits you. The fire elemental burns you!
* * * LOW HITPOINT WARNING * * *
The deep elf zephyrmancer hits you but does no damage.
The deep elf pyromancer gestures wildly while chanting.
Send 'em back where they came from!
Your hellwing shudders.
Your hellwing hits the fire elemental! x2
The fire elemental is destroyed!
The fire elemental disappears in a puff of smoke!
Aiming: Upheaval
Press: ? - help, Dir - move target, f/p - deep elf pyromancer
Aim: a deep elf pyromancer, wielding a +0 dagger (moderately wounded)
The ground shakes violently, spewing rubble!
The blast of rubble hits the deep elf pyromancer!
The deep elf pyromancer is severely wounded.
You can no longer give life to nearby clouds.
The fire elemental hits you. The fire elemental burns you!
* * * LOW HITPOINT WARNING * * *
You block the deep elf pyromancer's attack.
The deep elf pyromancer mumbles some strange words.
The fire elemental barely misses you. The fire elemental hits you.
The fire elemental burns you!
You die...

...########... ...#......#
.. ...#..>##.# .
...#...##.# ######.#(
........#.########......e#
..........'......#......~#
.#........#....°.#......≈≈
..........#...eEE#......#≈
#.>.#.....#....§@#.......#
#.........#...4ee#......#
.......#.##....Eee......#
.................#()......
.................#........
.................#........
.........##......#........
.........##......#..(.(...
...########......#........


You could see 4 deep elf pyromancers, a deep elf zephyrmancer, 3 fire elementals
and a friendly hellwing (summoned).

Vanquished Creatures
  3 death yaks (D:10)
  4 two-headed ogres
  A deep elf zephyrmancer (D:11)
  2 cyclopes
  2 gargoyles
  Joseph (D:7)
  A komodo dragon (D:10)
  2 trolls
  Prince Ribbit (D:8)
  A slime creature (D:10)
  2 shadows
  A water elemental (D:11)
  3 wraiths
  14 yaks
  A wyvern (D:10)
  8 vampire mosquitoes (D:10)
  2 steam dragons
  2 water moccasins
  3 wargs (D:11)
  An orc warrior (D:8)
  A sky beast (D:8)
  4 ice beasts
  6 centaurs
  5 kobold brigands
  2 bullfrogs (D:8)
  2 scorpions (D:5)
  4 killer bees (D:9)
  3 howler monkeys (D:8)
  3 electric eels (D:9)
  2 hounds
  2 orc priests
  10 jellies
  A gnoll bouda (D:5)
  Ijyb (D:4)
  2 iguanas
  8 orc wizards
  Robin (D:4)
  6 adders
  4 gnolls
  2 river rats
  A white imp (D:6)
  3 ufetubi
  6 worms
  4 dart slugs
  27 orcs
  6 bats
  27 endoplasms
  3 giant cockroaches
  11 goblins
  19 hobgoblins
  6 quokkas
  15 ball pythons
  2 frilled lizards
  16 kobolds
  12 rats
  4 fungi (D:10)
  12 plants
298 creatures vanquished.

Notes
Turn   | Place    | Note
-------+----------+-------------------------------------------
     0 | D:1      | jfcaron the Demonspawn Monk began the quest for the Orb.
     0 | D:1      | Reached XP level 1. HP: 18/18 MP: 1/1
   122 | D:1      | Gained mutation: You regenerate a little health from kills.
                  | [demonic ancestry]
   122 | D:1      | Reached XP level 2. HP: 21/24 MP: 2/2
   274 | D:1      | Reached skill level 3 in Axes
   347 | D:1      | Reached skill level 1 in Armour
   833 | D:2      | Gained mutation: You are partially covered in razor-sharp
                  | scales. (AC +1, Slay +1) [demonic ancestry]
   833 | D:2      | Reached XP level 3. HP: 29/29 MP: 3/3
   866 | D:2      | Noticed Jessica
  2016 | D:3      | Found a runed translucent door.
  2017 | D:3      | Noticed Crazy Yiuf
  2527 | D:3      | Reached XP level 4. HP: 22/35 MP: 4/4
  2542 | D:3      | Reached skill level 1 in Shields
  3015 | D:4      | Noticed Robin
  3195 | D:4      | Noticed Ijyb
  3205 | D:3      | Reached XP level 5. HP: 36/41 MP: 5/5
  3234 | D:4      | HP: 8/41 [Ijyb/+5 club (3)]
  3240 | D:4      | Killed Ijyb
  3483 | D:3      | Reached skill level 4 in Axes
  3566 | D:4      | Killed Robin
  3744 | D:4      | Gained mutation: A weak demonic guardian rushes to your
                  | aid. [demonic ancestry]
  3744 | D:4      | Reached XP level 6. HP: 48/48 MP: 6/6
  4194 | D:5      | Entered Level 5 of the Dungeon
  4265 | D:5      | Noticed a water moccasin
  4338 | D:5      | Found a glowing drain.
  4365 | Sewer    | Entered a sewer
  4406 | Sewer    | Reached XP level 7. HP: 52/54 MP: 7/7
  4649 | Sewer    | Reached skill level 5 in Axes
  5105 | D:5      | Identified a scroll of acquirement
  5105 | D:5      | Acquired the amulet of Zixuly {Reflect +Blink +Inv Int-3
                  | SH+5 Stlth+}
  5764 | D:5      | Reached skill level 1 in Evocations
  5764 | D:5      | Reached XP level 8. HP: 61/61 MP: 8/8
  6093 | D:6      | Reached skill level 5 in Armour
  6160 | D:6      | Reached skill level 5 in Fighting
  6196 | D:6      | Reached skill level 6 in Axes
  6678 | D:7      | Noticed Joseph
  6683 | D:7      | Killed Joseph
  6684 | D:7      | Reached XP level 9. HP: 55/68 MP: 9/9
  6774 | D:7      | Found a transporter.
  6779 | D:7      | Found a transporter.
  6779 | D:7      | Noticed Shayle's ghost (novice DsRe)
  6922 | D:7      | Found a staircase to the Ecumenical Temple.
  6935 | Temple   | Entered the Ecumenical Temple
  7299 | Temple   | Became a worshipper of Qazlal Stormbringer
  7299 | Temple   | Reached * piety under Qazlal
  7299 | Temple   | Reached ** piety under Qazlal
  7969 | D:8      | Noticed a cyclops
  7985 | D:8      | Killed a cyclops
  7986 | D:8      | Reached skill level 7 in Axes
  8005 | D:8      | Noticed a two-headed ogre
  8028 | D:8      | Killed a two-headed ogre
  8211 | D:8      | Identified the +3 robe "Osomemp" {+Blink rPois rF+++ rC-}
  8299 | D:8      | You fall into a shaft and drop 1 floor!
  8313 | D:9      | Noticed a troll
  8325 | D:9      | Killed a troll
  8326 | D:9      | Gained mutation: You have large cloven feet. [demonic
                  | ancestry]
  8326 | D:9      | Reached XP level 10. HP: 43/77 MP: 10/10
  8447 | D:8      | Noticed Prince Ribbit
  8466 | D:8      | Killed Prince Ribbit
  8988 | D:9      | Reached skill level 8 in Axes
  8988 | D:9      | Reached skill level 5 in Shields
  9474 | D:9      | Noticed a two-headed ogre
  9488 | D:9      | Killed a two-headed ogre
  9854 | D:10     | Entered Level 10 of the Dungeon
 10003 | D:10     | Reached skill level 5 in Evocations
 10182 | D:10     | Reached *** piety under Qazlal
 10183 | D:10     | Reached skill level 9 in Axes
 10362 | D:10     | Reached XP level 11. HP: 75/84 MP: 3/11
 10648 | D:10     | Noticed a two-headed ogre
 10663 | D:10     | Killed a two-headed ogre
 11608 | D:11     | Noticed a death yak
 11611 | D:11     | Noticed a death yak
 11611 | D:11     | Noticed a death yak
 11636 | D:10     | Killed a death yak
 11637 | D:10     | Reached skill level 10 in Axes
 11674 | D:11     | Noticed a two-headed ogre
 11687 | D:11     | Killed a two-headed ogre
 11846 | D:11     | Reached skill level 10 in Armour
 12022 | D:11     | Found a staircase to the Orcish Mines.
 12046 | D:11     | Found a staircase to the Lair.
 12099 | D:10     | Killed a death yak
 12289 | D:10     | Killed a death yak
 12290 | D:10     | Reached skill level 11 in Axes
 12645 | D:11     | Noticed a deep elf zephyrmancer
 12673 | D:11     | Killed a deep elf zephyrmancer
 12675 | D:11     | Noticed a deep elf pyromancer
 12676 | D:11     | Noticed a deep elf zephyrmancer
 12678 | D:11     | Noticed a deep elf pyromancer
 12679 | D:11     | Noticed a deep elf pyromancer
 12681 | D:11     | Noticed a deep elf pyromancer
 12683 | D:11     | HP: 14/71 [fire elemental[a deep elf pyromancer] (7)]
 12684 | D:11     | HP: 2/71 [fire elemental[a deep elf pyromancer] (12)]
 12684 | D:11     | Slain by a fire elemental

Illustrated notes

Levels and vault maps discovered:
D:1:      lemuel_arrival_muddy, layout_loops_ring, minmay_misc_feat_square,
          amcnicky_mini_corridor_feature, fountainhead,
          minmay_misc_feat_encased, serial_bayou_pond_b,
          hangedman_decor_peaks_small, minmay_cut_off
D:2:      layout_basic, uniq_jessica
D:3:      layout_basic, minmay_between, uniq_crazy_yiuf_cottage
D:4:      minmay_door_path, layout_rooms, nicolae_kite_square_tiling_tiny,
          corner_web_ring, uniq_robin, uniq_ijyb
D:5:      layout_basic, tso_metal_star, portal_sewer_entry_b
D:6:      layout_cave_pools
D:7:      layout_basic, temple_fountains, gammafunk_ghost_hive, uniq_joseph
D:8:      layout_basic, uniq_prince_ribbit1
D:9:      layout_rooms, chequers_big_river
D:10:     lemuel_slime, layout_loops_corners
D:11:     layout_stronghold, dpeg_lair_monsters, minmay_orc_entry_guard_dogs,
          elves_outpost_lemuel
Temple:   mainiacjoe_temple_circle_huts

Skill      XL: |  1  2  3  4  5  6  7  8  9 10 11 |
---------------+----------------------------------+-----
Stealth        | 2 |  2.0
Axes           | 3 4 5 6 7 9 11 | 11.2
Armour         | 1 2 3 4 5 7 8 10 | 10.0
Dodging        | 3 |  3.0
Shields        | 1 2 3 4 5 |  5.0
Fighting       | 4 5 6 7 8 |  8.9
Evocations     | 1 2 4 5 |  5.0

Action                   |  1- 3 |  4- 6 |  7- 9 | 10-12 || total
-------------------------+-------+-------+-------+-------++-------
Melee: Hand axe          |   112 |       |   112 |   131 ||   355
       Whip              |    38 |   178 |   287 |   374 ||   877
       Kick              |       |       |       |   200 ||   200
Throw: Stone             |    19 |     6 |    45 |    31 ||   101
       Dart              |       |    13 |    53 |    70 ||   136
Invok: Upheaval          |       |       |       |     9 ||     9
Evoke: Wand              |       |       |     4 |     2 ||     6
  Use: Scroll            |     3 |     5 |     9 |     1 ||    18
       Potion            |       |     3 |     1 |     1 ||     5
 Stab: Sleeping          |     6 |       |       |       ||     6
       Distracted        |       |       |       |     1 ||     1
Armor: Robe              |    19 |       |       |       ||    19
       Ring mail         |    20 |    48 |   115 |       ||   183
       Scale mail        |       |       |    68 |    94 ||   162
       Chain mail        |       |       |       |    48 ||    48
Dodge: Dodged            |    83 |   117 |   198 |   101 ||   499
Block: Buckler           |    16 |    45 |   215 |   254 ||   530
       Reflection        |       |       |    14 |     2 ||    16

Table legend: (Time is in decaauts)
 A = Elapsed time spent in this place.
 B = Non-inter-level travel time spent in this place.
 C = Inter-level travel time spent in this place.
 D = Time resting spent in this place.
 E = Time spent auto-exploring this place.
 F = Levels seen in this place.
 G = Mean time per level.
                   A        B        C        D        E       F      G
               +--------+--------+--------+--------+--------+-----+--------+
         Total |  12964 |  12144 |    820 |   1615 |   7764 |  13 |  997.2 |
       Dungeon |  11693 |  10931 |    762 |   1578 |   6900 |  11 | 1063.0 |
        Temple |    386 |    328 |     58 |      0 |    308 |   1 |  386.0 |
         Sewer |    884 |    884 |      0 |     37 |    555 |   1 |  884.0 |
               +--------+--------+--------+--------+--------+-----+--------+

Top non-repeatable levels by time:
    D:10: 2015 daAuts
     D:3: 1669 daAuts
     D:5: 1022 daAuts
     D:8: 1021 daAuts
     D:7: 969 daAuts
     D:9: 935 daAuts
     D:1: 913 daAuts
   Sewer: 884 daAuts
     D:4: 840 daAuts
     D:2: 825 daAuts
    D:11: 793 daAuts
     D:6: 688 daAuts
  Temple: 386 daAuts

Table legend:
 A = Kills in this place as a percentage of kills in entire the game.
 B = Kills by you in this place as a percentage of kills by you in the entire game.
 C = Kills by friends in this place as a percentage of kills by friends in the entire game.
 D = Other kills in this place as a percentage of other kills in the entire game.
 E = Experience gained in this place as a percentage of experience gained in the entire game.
 F = Experience gained in this place divided by the number of levels of this place that you have seen.
                   A       B       C       D       E      F
               +-------+-------+-------+-------+-------+----------------------
         Total | 100.0 | 100.0 | 100.0 |   N/A | 100.0 | 1658.5
       Dungeon |  90.1 |  90.9 |  57.1 |   N/A |  97.8 | 1916.8
         Sewer |   9.9 |   9.1 |  42.9 |   N/A |   2.2 | 476.0
               +-------+-------+-------+-------+-------+----------------------
